 Dungeon Crawl Stone Soup version 0.27-a0-1228-gfd60fd639a (webtiles) character file.

Game seed: 101056406284571102

72 Wyvernaa the Shield-Bearer (level 4, -1/29 HPs)
             Began as a Gargoyle Fighter on June 7, 2021.
             Slain by a gnoll
             ... wielding a +3 spear of venom
              (5 damage)
             ... on level 2 of the Dungeon.
             The game lasted 00:03:22 (1705 turns).

Wyvernaa the Shield-Bearer (Gargoyle Fighter)       Turns: 1705, Time: 00:03:23

Health: -1/29      AC: 11    Str: 19    XL:     4   Next: 26%
Magic:  4/4        EV:  7    Int:  9    God:
Gold:   31         SH:  9    Dex: 10    Spells: 3/3 levels left

rFire    . . .     SeeInvis .   a - +0 flail
rCold    . . .     Faith    .   c - +0 kite shield
rNeg     + . .     Spirit   .   b - +1 scale mail
rPois    ∞         Reflect  .   (no helmet)
rElec    +         Harm     .   (no cloak)
rCorr    .         Rampage  .   (no gloves)
Will     .....                  (no boots)
Stlth    ..........             (no amulet)
HPRegen  0.09/turn              (no ring)
MPRegen  0.09/turn              (no ring)

@: mighty
A: sickness immunity, AC +3, negative energy resistance 1, electricity
resistance, torment resistance 1, petrification resistance
a: no special abilities


You were on level 2 of the Dungeon.
You visited 1 branch of the dungeon, and saw 2 of its levels.

You collected 31 gold pieces.

Inventory:

Hand Weapons
 a - a +0 flail (weapon)
Armour
 b - a +1 scale mail (worn)
 c - a +0 kite shield (worn)
Scrolls
 g - a scroll of teleportation
Potions
 e - 2 potions of heal wounds {unknown}
 h - a potion of haste {unknown}
 i - a potion of curing {unknown}


   Skills:
 + Level 3.7 Fighting
 + Level 2.7 Maces & Flails
 + Level 3.7 Armour
 + Level 0.3 Dodging
 + Level 4.2 Shields


You had 3 spell levels left.
You didn't know any spells.
Your spell library was empty.

Dungeon Overview and Level Annotations

Branches:
Dungeon (2/15)

Altars:


Innate Abilities, Weirdness & Mutations

You are immune to sickness and miasma.
Your stone body is resilient. (AC +3)
You are immune to poison.
You resist negative energy. (rN+)
You are resistant to electric shocks. (rElec)
You are resistant to unholy torment.
You are immune to petrification.


Message History

HP restored.
There is a stone staircase leading down, spattered with blood here.
Things that are here:
a +0 short sword; a kobold corpse You see here a +0 club.
There is a stone staircase leading down, spattered with blood here.
Things that are here:
a +0 short sword; a kobold corpse You climb downwards.
The endoplasm quivers.
There is a stone staircase leading up here.
There are monsters nearby!
The gnoll hits you from afar with a +3 spear of venom.
The gnoll hits you but does no damage.
You hit the gnoll.
The gnoll is lightly wounded.
The gnoll hits you with a +3 spear of venom.
You block the gnoll's attack.
You thump the gnoll!
The gnoll is severely wounded.
The endoplasm hits you but does no damage.
The gnoll hits you with a +3 spear of venom.
The endoplasm jiggles.
The endoplasm freezes you.
You are frozen.
You closely miss the gnoll.
The gnoll is severely wounded.
The gnoll hits you with a +3 spear of venom.
The endoplasm hits you.
* * * LOW HITPOINT WARNING * * *
The gnoll barely misses you.
You hit the gnoll but do no damage.
The gnoll is severely wounded.
The endoplasm completely misses you.
The gnoll hits you with a +3 spear of venom.
* * * LOW HITPOINT WARNING * * *
The endoplasm hits you but does no damage.
You feel very mighty all of a sudden.
The gnoll hits you with a +3 spear of venom.
You die...

.. #. .. ..#
.##. .#....
...# .#...
#..## .#.#
#..##...# .
#.......##..
#....
#.@.....##
#.g......#
#...........
##..#.......
........#...
)........# #.
.............
............#
##..... ....#


You could see a gnoll and an endoplasm.

Vanquished Creatures
  An adder (D:1)
  3 gnolls (D:1)
  4 endoplasms
  2 giant cockroaches (D:1)
  2 goblins (D:1)
  2 hobgoblins (D:1)
  9 jackals (D:1)
  3 ball pythons (D:1)
  2 frilled lizards
  3 kobolds (D:1)
  3 rats (D:1)
34 creatures vanquished.

Notes
Turn   | Place    | Note
-------+----------+-------------------------------------------
     0 | D:1      | Wyvernaa the Gargoyle Fighter began the quest for the Orb.
     0 | D:1      | Reached XP level 1. HP: 14/14 MP: 1/1
    63 | D:1      | Found a faded altar of an unknown god.
   271 | D:1      | Reached XP level 2. HP: 17/19 MP: 2/2
   688 | D:1      | Reached XP level 3. HP: 14/23 MP: 3/3
  1374 | D:1      | Reached skill level 4 in Shields
  1374 | D:1      | Reached XP level 4. HP: 10/28 MP: 4/4
  1705 | D:2      | Slain by a gnoll

Illustrated notes

Levels and vault maps discovered:
D:1:      dpeg_arrival_erosion, layout_loops_cross,
          shapermc_ecumenical_altar_mp_urbaneastern
D:2:      layout_rooms, minmay_lizard_pond

Skill      XL: |  1  2  3 |
---------------+----------+-----
Shields        | 4 |  4.2
Fighting       | |  3.7
Maces & Flails | |  2.7
Armour         | |  3.7
Dodging        | |  0.3

Action                   |  1- 3 |  4- 6 || total
-------------------------+-------+-------++-------
Melee: Flail             |   115 |    20 ||   135
  Use: Scroll            |     4 |       ||     4
       Potion            |       |     1 ||     1
Armor: Scale mail        |    69 |     8 ||    77
Dodge: Dodged            |    38 |     7 ||    45
Block: Kite shield       |    77 |    16 ||    93

Table legend: (Time is in decaauts)
 A = Elapsed time spent in this place.
 B = Non-inter-level travel time spent in this place.
 C = Inter-level travel time spent in this place.
 D = Time resting spent in this place.
 E = Time spent auto-exploring this place.
 F = Levels seen in this place.
 G = Mean time per level.
                   A        B        C        D        E       F      G
               +--------+--------+--------+--------+--------+-----+--------+
         Total |   1777 |   1750 |     27 |    649 |    776 |   2 |  888.5 |
       Dungeon |   1777 |   1750 |     27 |    649 |    776 |   2 |  888.5 |
               +--------+--------+--------+--------+--------+-----+--------+

Top non-repeatable levels by time:
     D:1: 1741 daAuts
     D:2: 36 daAuts
